 Dungeon Crawl Stone Soup version 0.28.0-53-g5a82cb258f (webtiles) character file.

Game seed: 2259348468101107560

63 CrazyMind the Digger (level 3, -7/19 HPs)
             Began as a Deep Elf Earth Elementalist on July 9, 2022.
             Mangled by Crazy Yiuf
             ... wielding a +3 quarterstaff of chaos
              (11 damage)
             ... on level 2 of the Dungeon.
             The game lasted 00:06:34 (2952 turns).

CrazyMind the Digger (Deep Elf Earth Elementalist)  Turns: 2952, Time: 00:06:35

Health: -7/19      AC:  2    Str:  5    XL:     3   Next: 89%
Magic:  6/10       EV: 12    Int: 21    God:
Gold:   37         SH:  0    Dex: 15    Spells: 3/9 levels left

rFire   . . .      SeeInvis .   n - staff of conjuration
rCold   . . .      Faith    .   (no shield)
rNeg    . . .      Spirit   .   b - +0 robe
rPois   .          Reflect  .   (no helmet)
rElec   .          Harm     .   (no cloak)
rCorr   .          Rampage  .   (no gloves)
Will    .....                   (no boots)
Stlth   ++........              (no amulet)
HPRegen 0.06/turn               (no ring)
MPRegen 0.12/turn               (no ring)

@: no status effects
A: no striking features
a: no special abilities


You were on level 2 of the Dungeon.
You visited 1 branch of the dungeon, and saw 2 of its levels.

You collected 37 gold pieces.

Inventory:

Hand Weapons
 m - a +0 dagger
Missiles
 c - 51 stones
 l - 4 boomerangs of dispersal
Armour
 b - a +0 robe (worn)
 h - a +0 leather armour
Magical Staves
 j - a staff of death
 n - a staff of conjuration (weapon)
Scrolls
 a - a scroll of identify {unknown}
 d - 2 scrolls of fog {unknown}
 e - 6 scrolls of magic mapping {unknown}
 f - a scroll of noise {unknown}
 k - a scroll of fear {unknown}
 o - a scroll of vulnerability {unknown}
Potions
 g - a potion of curing {unknown}
 i - a potion of lignification {unknown}
 p - a potion of attraction {unknown}


   Skills:
 + Level 0.1 Fighting
 * Level 0.2 Staves
 + Level 2.6 Dodging
 + Level 3.1 Stealth
 + Level 3.6 Spellcasting
 * Level 0.3 Conjurations
 - Level 1.1 Transmutations
 * Level 4.4 Earth Magic
 * Level 0.2 Evocations


You had 3 spell levels left.
You knew the following spells:

 Your Spells              Type           Power      Damage    Failure   Level
a - Sandblast             Erth           44%        2d11      1%          1
b - Passwall              Tmut/Erth      12%        N/A       6%          2
c - Stone Arrow           Conj/Erth      40%        3d9       14%         3

Your spell library contained the following spells:

 Spells                   Type           Power      Damage    Failure   Level
 Petrify                  Tmut/Erth      15%        N/A       36%         4


Dungeon Overview and Level Annotations

Branches:
Dungeon (2/15)

Altars:
The Shining One

Annotations:
D:2 Crazy Yiuf


Message History

c - 55 stones (gained 9)
You see here a +0 leather armour.
You see here a +0 dagger.
Found a stone staircase leading up.
You open the door.
Crazy Yiuf shouts!
Casting: Sandblast (safe; 1% risk of failure)
Confirm with . or Enter, or press ? or * to list all spells.
Aiming: Sandblast (safe; 1% risk of failure)
Press: ? - help, Shift-Dir - straight line, f - Crazy Yiuf
Aim: Crazy Yiuf, wielding a +3 quarterstaff of chaos and wearing a +0 cloak (83% to hit)
The blast of sand hits Crazy Yiuf but does no damage.
Casting: Sandblast (safe; 1% risk of failure)
Confirm with . or Enter, or press ? or * to list all spells.
Aiming: Sandblast (safe; 1% risk of failure)
Press: ? - help, Shift-Dir - straight line, f/p - Crazy Yiuf
Aim: Crazy Yiuf, wielding a +3 quarterstaff of chaos and wearing a +0 cloak (83% to hit)
The blast of sand hits Crazy Yiuf!
Crazy Yiuf is severely wounded.
Casting: Sandblast (safe; 1% risk of failure)
Confirm with . or Enter, or press ? or * to list all spells.
Aiming: Sandblast (safe; 1% risk of failure)
Press: ? - help, Shift-Dir - straight line, f/p - Crazy Yiuf
Aim: Crazy Yiuf, wielding a +3 quarterstaff of chaos and wearing a +0 cloak (severely wounded, 83% to hit)
The blast of sand hits Crazy Yiuf.
Crazy Yiuf is almost dead.
Crazy Yiuf hits you with a +3 quarterstaff of chaos!
Ouch! That really hurt!
* * * LOW HITPOINT WARNING * * *
You resist with significant effort.
Casting: Sandblast (safe; 1% risk of failure)
Confirm with . or Enter, or press ? or * to list all spells.
Aiming: Sandblast (safe; 1% risk of failure)
Press: ? - help, Shift-Dir - straight line, f/p - Crazy Yiuf
Aim: Crazy Yiuf, wielding a +3 quarterstaff of chaos and wearing a +0 cloak (almost dead, 83% to hit)
The blast of sand hits Crazy Yiuf.
Crazy Yiuf is almost dead.
Crazy Yiuf hits you with a +3 quarterstaff of chaos!
Ouch! That really hurt!
You die...

..#.# #...# #.#.# #.............
..#.# #...# #.#.# ###........#.#
..#.# #...# #.#.# #........#..
..#.# #.### ##### ###.........
..#.# #.# #....#.#.. ..#.# ###
#..#.#.#.# ....# ####♣♣ ###
#..+.#.#.# .#..###....♣♣ ♣♣#..)#
#..###.#.# .#..##.....P♣♣♣♣@g...#
#......#.# ...........P.♣..♣#...#
########.# ###>........♣.♣♣♣ ###
#........# ##########♣♣♣♣♣
#######... #.......# #.# #...
#.......################.#####...
#........#.#.#.#....'............
#........#.#.#.#....####.........
#........#.#.#.###'##....###.....


You could see Crazy Yiuf.

Vanquished Creatures
  An adder (D:2)
  3 worms (D:2)
  2 dart slugs
  5 ball pythons
  3 endoplasms (D:1)
  3 goblins
  5 hobgoblins
  4 kobolds
  2 quokkas (D:1)
  5 bats
  A frilled lizard (D:2)
  6 rats
40 creatures vanquished.

Notes
Turn   | Place    | Note
-------+----------+-------------------------------------------
     0 | D:1      | CrazyMind the Deep Elf Earth Elementalist began the quest
                  | for the Orb.
     0 | D:1      | Reached XP level 1. HP: 10/10 MP: 6/6
   290 | D:1      | Reached XP level 2. HP: 15/15 MP: 6/8
   320 | D:1      | Learned a level 2 spell: Passwall
   513 | D:1      | Reached skill level 4 in Earth Magic
  1183 | D:2      | Reached XP level 3. HP: 13/19 MP: 9/9
  1187 | D:2      | Learned a level 3 spell: Stone Arrow
  1810 | D:2      | Found a faded altar of an unknown god.
  2242 | D:2      | Found a runed translucent door.
  2243 | D:2      | Noticed Crazy Yiuf
  2312 | D:2      | Found a glowing golden altar of the Shining One.
  2952 | D:2      | Mangled by Crazy Yiuf

Illustrated notes

Levels and vault maps discovered:
D:1:      dpeg_arrival_lava_temple_mockup, layout_loops_cross
D:2:      layout_basic, ebering_ecumenical_altar_mist, basic_altar,
          uniq_crazy_yiuf_cottage

Skill      XL: |  1  2  3 |
---------------+----------+-----
Earth Magic    | 4 |  4.4
Stealth        | 3 |  3.1
Fighting       | |  0.1
Staves         | |  0.2
Dodging        | |  2.6
Spellcasting   | |  3.6
Conjurations   | |  0.3
Transmutations | |  1.1
Evocations     | |  0.2

Action                   || total
-------------------------++-------
Melee: Whip              ||     9
       Short sword       ||    45
       Punch             ||     2
       Staff             ||    17
       Dagger            ||     3
 Cast: Sandblast         ||    37
 Stab: Sleeping          ||    10
Armor: Robe              ||    20
Dodge: Dodged            ||    47
